 Dungeon Crawl Stone Soup version 0.17-a0-18-gc25b939 (webtiles) character file.

1228 PolkaDot the Poker (level 8, -5/82 HPs)
             Began as an Octopode Gladiator on Mar 6, 2015.
             Was a Believer of Okawaru.
             Splashed by a jelly's acid (17 damage)
             ... on level 6 of the Dungeon on Mar 8, 2015.
             The game lasted 00:14:38 (6345 turns).

PolkaDot the Poker (Octopode Gladiator)             Turns: 6345, Time: 00:14:39

Health: -5/82      AC: 19    Str: 15    XL:     8   Next: 48%
Magic:  8/8        EV:  2    Int: 10    God:    Okawaru [**....]
Gold:   387        SH:  3    Dex: 12    Spells: 0 memorised, 7 levels left

rFire  . . .     SeeInvis .     a - +0 trident
rCold  . . .     Clarity  .     p - +0 buckler
rNeg   + + +     SustAb   .     c - melded +0 hat
rPois  +         Gourm    .     (no amulet)
rElec  .         Spirit   .     g - ring of wizardry
rCorr  .         Warding  .     (no ring)
rMut   .         NoTele   +     (no ring)
MR     +....                    (no ring)
Stlth  +.........               (no ring)
                                (no ring)
                                (no ring)
                                (no ring)

@: tree-form, corroded equipment, somewhat resistant to hostile enchantments,
very unstealthy
A: almost no armour, amphibious, 8 rings, (constrict 8), (camouflage 0), blurry
vision 1, clumsy 1, magic resistance 1, (gelatinous body 0)
a: Heroism, Renounce Religion


You were on level 6 of the Dungeon.
You worshipped Okawaru.
Okawaru was pleased with you.
You were not hungry.
You were a tree.
You visited 2 branches of the dungeon, and saw 7 of its levels.

You collected 387 gold pieces.

Inventory:

Hand weapons
 a - a +0 trident (weapon)
Missiles
 d - 3 throwing nets (quivered)
Armour
 c - a +0 hat (melded)
 p - a +0 buckler (worn)
Jewellery
 g - a ring of wizardry (left branch)
 t - an uncursed ring of teleportation
Magical devices
 h - a wand of polymorph (16)
 m - a wand of random effects (27)
Scrolls
 b - a scroll of identify
 i - 2 scrolls of amnesia
 k - a scroll of enchant armour {unknown}
 l - a scroll of teleportation
 u - a scroll of fear
Potions
 j - 4 potions of restore abilities
 r - a potion of agility
 v - a potion of cancellation
Comestibles
 f - 6 bread rations
 n - a chunk of flesh
 q - a meat ration
 s - 2 fruits


   Skills:
 + Level 5.2 Fighting
 * Level 7.6 Polearms
 - Level 2.0 Throwing
 - Level 5.7 Dodging
 + Level 0.4 Shields


You had 7 spell levels left.
You didn't know any spells.

Dungeon Overview and Level Annotations

Branches:
Dungeon (6/15)             Temple (1/1) D:4

Altars:
Cheibriados
Dithmenos
Elyvilon
Fedhas
Gozag
Kikubaaqudgha
Makhleb
Nemelex Xobeh
Okawaru
Qazlal
Ru
Sif Muna
Vehumet
The Shining One

Shops:
D:5 (


Innate Abilities, Weirdness & Mutations

You cannot wear most types of armour.
You are amphibious.
You can wear up to eight rings at the same time.
((You can use your tentacles to constrict many enemies at once.))
((Your skin changes colour to match your surroundings (Stealth).))
((Your rubbery body absorbs attacks (AC +1).))
Scrolls take you a little longer to read.
You are clumsy. (Dex -2)
You are resistant to hostile enchantments.


Message History

The adder barely misses you. The jelly hits you.
* * * LOW HITPOINT WARNING * * *
You are splashed with acid!
The acid burns!
* * * LOW HITPOINT WARNING * * *
Drink which item? (? for menu, Esc to quit)
You feel better. You block the adder's attack. The jelly misses you.
The adder bites you.
* * * LOW HITPOINT WARNING * * *
Some of the chunks of flesh in your inventory have rotted away.
Drink which item? (? for menu, Esc to quit)
You feel better. The adder bites you.
* * * LOW HITPOINT WARNING * * *
You block the jelly's attack.
Drink which item? (? for menu, Esc to quit)
You turn into a tree.
Your +0 hat melds into your body.
Your roots penetrate the ground.
The adder bites you but does no damage. The jelly hits you.
* * * LOW HITPOINT WARNING * * *
You are splashed with acid!
The acid burns!
You die...

<........#
#.#
.#######.#
#.# ## #.#
#.# #.# #.#
## #.# #.#
.# #.#
##$## .#
#.# #...##
.#
#.##.#.#S##
.#
#.#.##.##♣#
## ####
#...J.#
#.##..#
#...#.#
#... .#
###. .. #.
## #. .


You could see a jelly and an adder.

Vanquished Creatures
  Eustachio (D:5)
  A black bear (D:6)
  2 centaurs
  Sigmund (D:5)
  4 crimson imps
  4 orc priests (D:4)
  2 hounds (D:6)
  A quasit (D:6)
  3 iguanas
  2 orc wizards (D:4)
  3 worker ants
  Robin (D:4)
  9 adders
  2 giant mites
  A worm (D:3)
  4 giant geckos
  12 orcs
  3 ball pythons
  A bat skeleton (D:5)
  A bat zombie (D:6)
  16 goblins
  13 hobgoblins
  A quokka (D:3)
  14 bats
  2 giant cockroaches
  A giant gecko zombie (D:5)
  4 giant newts
  8 kobolds
  12 rats
129 creatures vanquished.

Notes
Turn   | Place    | Note
--------------------------------------------------------------
     0 | D:1      | PolkaDot, the Octopode Gladiator, began the quest for the Orb.
     0 | D:1      | Reached XP level 1. HP: 14/14 MP: 1/1
   512 | D:1      | Reached XP level 2. HP: 16/19 MP: 2/2
  1067 | D:2      | Reached XP level 3. HP: 23/25 MP: 3/3
  1840 | D:3      | Reached XP level 4. HP: 24/30 MP: 4/4
  2013 | D:3      | Reached skill level 4 in Polearms
  2483 | D:4      | Found a staircase to the Ecumenical Temple.
  2493 | Temple   | Entered the Ecumenical Temple
  2695 | Temple   | Became a worshipper of Warmaster Okawaru
  2756 | D:4      | Found a blossoming altar of Fedhas.
  2799 | D:4      | Reached XP level 5. HP: 33/36 MP: 5/5
  2960 | D:4      | Reached XP level 6. HP: 32/42 MP: 6/6
  2985 | D:4      | HP: 2/42 [orc priest/nerve-wracking pain (14)]
  3201 | D:4      | Reached skill level 5 in Polearms
  3258 | D:4      | Acquired Okawaru's first power
  3489 | D:4      | Noticed Robin
  3495 | D:4      | Gained mutation: Scrolls take you a little longer to read. [potion of mutation]
  3495 | D:4      | Gained mutation: You are clumsy. (Dex -2) [potion of mutation]
  3495 | D:4      | Gained mutation: You are resistant to hostile enchantments. [potion of mutation]
  3525 | D:4      | Killed Robin
  3784 | D:4      | Found a shadowy altar of Dithmenos.
  4101 | D:5      | Entered Level 5 of the Dungeon
  4359 | D:5      | Reached XP level 7. HP: 29/48 MP: 7/7
  4538 | D:5      | Noticed Eustachio
  4551 | D:5      | Killed Eustachio
  4551 | D:5      | Reached skill level 6 in Polearms
  4551 | D:5      | Reached skill level 5 in Dodging
  4849 | D:5      | Found Xeawyr's Antique Weapon Shop.
  4924 | D:5      | Noticed Sigmund
  4939 | D:5      | Killed Sigmund
  5314 | D:6      | Found a glowing golden altar of the Shining One.
  5324 | D:6      | Reached XP level 8. HP: 45/54 MP: 8/8
  5520 | D:6      | Reached skill level 7 in Polearms
  5604 | D:6      | Reached skill level 5 in Fighting
  6025 | D:6      | Found a glowing golden altar of the Shining One.
  6345 | D:6      | Splashed by a jelly's acid

Action                   |  1- 3 |  4- 6 |  7- 9 || total
-------------------------+-------+-------+-------++-------
Melee: Trident           |    79 |   184 |   115 ||   378
  Use: Scroll            |       |    11 |       ||    11
       Potion            |       |    13 |     4 ||    17
 Stab: Sleeping          |     5 |     2 |     4 ||    11
       Distracted        |       |     1 |     1 ||     2
       Invisible         |       |       |     2 ||     2
  Eat: Chunk             |     3 |     8 |     6 ||    17
       Fruit             |       |     1 |       ||     1
